 Dungeon Crawl Stone Soup version 0.19-a0-1490-g5dd3618 (webtiles) character file.

14737 st0uf the Blocker (level 12, -27/93 (94) HPs)
             Began as a Formicid Fighter on Sept 8, 2016.
             Was a Follower of Uskayaw.
             Annihilated by an ettin
             ... wielding a +0 great mace
              (38 damage)
             ... on level 2 of the Orcish Mines.
             The game lasted 01:04:04 (13409 turns).

st0uf the Blocker (Formicid Fighter)               Turns: 13409, Time: 01:04:04

HP:   -27/93 (94)   AC: 28    Str: 32    XL:     12   Next: 48%
MP:   26/26         EV:  9    Int:  7    God:    Uskayaw [*.....]
Gold: 970           SH: 13    Dex: 12    Spells: 0 memorised, 11 levels left

rFire  + + .     SeeInvis +     a - +0 quarterstaff
rCold  + . .     Gourm    .     L - +9 armour of the Dragon King {rPois rF+ rC+ MR+}
rNeg   . . .     Faith    .     c - +0 shield
rPois  +         Spirit   .     (helmet unavailable)
rElec  +         Dismiss  .     m - +0 cloak
rCorr  .         Reflect  .     (no gloves)
MR     ++...     Harm     .     R - +0 pair of boots
Stlth  ..........               N - amulet of regeneration
                                b - ring of protection from fire
                                O - ring "Caofayn" {rElec MP+9 Str+2 Stlth+}

@: mighty, drained
A: permanent stasis, dig shafts and tunnels, four strong arms, antennae 3
a: Dig, Shaft Self, Stomp, Renounce Religion


You were on level 2 of the Orcish Mines.
You worshipped Uskayaw.
Uskayaw was noncommittal.
You were not hungry.

You visited 3 branches of the dungeon, and saw 15 of its levels.
You also visited: Sewer.

You collected 970 gold pieces.

Inventory:

Hand Weapons
 a - a +0 quarterstaff (weapon)
Armour
 c - a +0 shield (worn)
 m - a +0 cloak (worn)
 L - the +9 armour of the Dragon King (worn) {rPois rF+ rC+ MR+}
   (You found it on level 6 of the Dungeon)

   It protects you from fire.
   It protects you from cold.
   It protects you from poison.
   It affects your resistance to hostile enchantments.
 R - a +0 pair of boots (worn)
Jewellery
 b - a ring of protection from fire (right hand)
 n - an uncursed ring of fire
 p - an uncursed ring of fire
 y - an uncursed amulet of magic regeneration
 D - an uncursed ring of protection from cold
 M - an uncursed ring of stealth
 N - an amulet of regeneration (around neck)
 O - the ring "Caofayn" (left hand) {rElec MP+9 Str+2 Stlth+}
   (You found it on level 9 of the Dungeon)

   [ring of stealth]

   It affects your strength (+2).
   It insulates you from electricity.
   It affects your magic capacity (+9).
   It makes you more stealthy.
 X - an uncursed ring of poison resistance
Wands
 F - a wand of digging (6/24)
 P - a wand of acid (12/15)
 V - a wand of paralysis (15/24)
 W - a wand of polymorph (13/24)
Scrolls
 h - 4 scrolls of teleportation
 k - 6 scrolls of identify
 l - 2 scrolls of noise {unknown}
 q - 2 scrolls of blinking {unknown}
 s - 4 scrolls of remove curse
 w - 2 scrolls of enchant armour {unknown}
 x - 5 scrolls of recharging {unknown}
 E - a scroll of magic mapping {unknown}
 I - a scroll of immolation {unknown}
 J - 3 scrolls of fear {unknown}
 K - a scroll of random uselessness {unknown}
 S - a scroll of fog {unknown}
Potions
 d - a potion of might
 e - 4 potions of agility
 i - 3 potions of curing
 j - 3 potions of heal wounds {unknown}
 r - a potion of cure mutation {unknown}
 t - a potion of magic {unknown}
 u - 2 potions of haste {unknown}
 v - 3 potions of lignification {unknown}
 z - a potion of cancellation {unknown}
 B - a potion of ambrosia {unknown}
 H - 2 potions of mutation {unknown}
 T - a potion of brilliance {unknown}
Books
 G - a book of Clouds

   Spells                             Type                      Level
   a - Mephitic Cloud                 Conjuration/Poison/Air       3
   b - Conjure Flame                  Conjuration/Fire             3
   c - Poisonous Cloud                Conjuration/Poison/Air       6
   d - Freezing Cloud                 Conjuration/Ice/Air          6
   e - Ring of Flames                 Charms/Fire                  7
Comestibles
 f - 5 bread rations
 g - 4 slices of pizza
 o - 3 beef jerkies
 A - 5 meat rations
 C - 2 royal jellies
 Q - 4 fruits
 U - a chunk of flesh


   Skills:
 + Level 8.9(8.8) Fighting
 + Level 8.4(8.2) Staves
 + Level 9.1(9.0) Armour
 + Level 7.0(6.9) Dodging
 + Level 10.1(10.0) Shields
 + Level 7.2(7.1) Invocations
 + Level 7.0(6.9) Evocations


You had 11 spell levels left.
You didn't know any spells.

Dungeon Overview and Level Annotations

Branches:
Dungeon (12/15)            Temple (1/1) D:6            Lair (0/6) D:9
    Orc (2/2) D:10
    Elf: Orc:2

Altars:
Ashenzari
Cheibriados
Dithmenos
Elyvilon
Fedhas
Gozag
Hepliaklqana
Kikubaaqudgha
Makhleb
Nemelex Xobeh
Okawaru
Qazlal
Ru
Sif Muna
Trog
Uskayaw
Vehumet
Xom
Yredelemnul
Zin
The Shining One

Shops:
D:5 }   Orc:1 %


Innate Abilities, Weirdness & Mutations

You are under a permanent stasis effect.
You can dig through walls and to a lower floor.
Your four strong arms can wield two-handed weapons with a shield.
You have a pair of large antennae on your head. (SInv)


Message History

You hit the ettin but do no damage. You sock the ettin!
The ettin is lightly wounded.
The ettin barely misses you. You block the ettin's attack.
You hit the ettin but do no damage.
The ettin is lightly wounded.
The ettin hits you with a great mace!! The ettin hits you with a dire flail.
You hit the ettin.
The ettin is moderately wounded.
The ettin hits you with a great mace!!
* * * LOW HITPOINT WARNING * * *
The ettin hits you but does no damage.
You feel very mighty all of a sudden.
The ettin hits you but does no damage. x2
You hit the ettin but do no damage.
The ettin is lightly wounded.
You thump the ettin!
The ettin is heavily wounded.
The ettin hits you with a great mace!!!
You die...

..............#
..............#
.............#
............##
.............##
...............
...............
.......@C.$....
.......<.......
...............
...............
.#.............
........##.....
.##....## ...#.
#.... ..##


You could see an ettin.

Vanquished Creatures
  Josephine (D:10)
  An orc high priest (Orc:1)
  An unseen horror (D:9)
  2 orc knights (Orc:1)
  An ugly thing (D:11)
  A cyclops (D:11)
  An orc sorcerer (Orc:1)
  4 centaur skeletons
  2 two-headed ogres
  5 yaks (D:11)
  5 wraiths
  A hippogriff (D:8)
  A mottled dragon (D:11)
  2 water moccasins
  An eye of draining (D:8)
  18 orc warriors
  2 sky beasts
  4 ice beasts
  2 wasps
  9 ogres
  2 phantoms
  3 necrophages
  6 centaurs
  A crocodile (D:11)
  A big kobold (D:9)
  6 giant frogs
  A gnoll sergeant (Orc:1)
  A wyvern zombie (D:7)
  5 scorpions
  5 wights (D:9)
  9 killer bees
  3 howler monkeys (D:11)
  3 crimson imps
  A giant frog zombie (D:8)
  A quasit (D:9)
  4 hounds
  Crazy Yiuf (D:6)
  3 jellies
  14 orc priests
  4 iguanas
  5 worker ants
  13 orc wizards
  A hound skeleton (D:9)
  A howler monkey zombie (D:5)
  A worker ant zombie (D:7)
  A howler monkey skeleton (D:7)
  11 adders
  16 gnolls
  An adder zombie (D:7)
  2 adder skeletons
  3 dart slugs
  17 giant geckos
  70 orcs
  4 bats
  3 giant cockroaches
  3 goblins (D:2)
  3 hobgoblins
  21 jackals
  28 kobolds
  10 quokkas
  8 ball pythons
  A giant gecko skeleton (D:7)
  6 giant newts
  4 rats
  A plant (Sewer)
372 creatures vanquished.

Notes
Turn   | Place    | Note
-------+----------+-------------------------------------------
     0 | D:1      | st0uf the Formicid Fighter began the quest for the Orb.
     0 | D:1      | Reached XP level 1. HP: 18/18 MP: 1/1
   117 | D:1      | Reached XP level 2. HP: 21/24 MP: 2/2
   243 | D:1      | Found a sparkling altar of Nemelex Xobeh.
   437 | D:1      | Reached XP level 3. HP: 29/29 MP: 3/3
   894 | D:2      | Reached skill level 4 in Shields
  1159 | D:3      | Reached XP level 4. HP: 30/35 MP: 4/4
  1269 | D:3      | Reached skill level 1 in Dodging
  1315 | D:3      | Found a glowing drain.
  1352 | Sewer    | Entered a sewer
  1566 | Sewer    | Reached XP level 5. HP: 36/42 MP: 5/5
  2291 | D:3      | Found a stormy altar of Qazlal.
  2452 | D:3      | Found a sacrificial altar of Ru.
  3071 | D:3      | Reached XP level 6. HP: 47/48 MP: 6/6
  3230 | D:4      | Noticed a phantom
  3260 | D:4      | Killed a phantom
  3493 | D:4      | Reached skill level 5 in Shields
  3500 | D:4      | Reached XP level 7. HP: 25/54 MP: 7/7
  3930 | D:4      | Found a burning altar of Makhleb.
  3948 | D:4      | Reached skill level 5 in Armour
  4035 | D:5      | Entered Level 5 of the Dungeon
  4291 | D:5      | Noticed a water moccasin
  4309 | D:5      | Killed a water moccasin
  4577 | D:5      | Reached XP level 8. HP: 41/61 MP: 8/8
  4722 | D:5      | Reached skill level 5 in Fighting
  4845 | D:5      | Reached skill level 6 in Shields
  5079 | D:5      | Found a sparkling altar of Nemelex Xobeh.
  5103 | D:5      | Found Etuezoh's Gadget Boutique.
  5128 | D:5      | Reached skill level 5 in Staves
  5247 | D:6      | Reached skill level 1 in Evocations
  5316 | D:6      | Found a staircase to the Ecumenical Temple.
  5346 | Temple   | Entered the Ecumenical Temple
  5516 | Temple   | Became a worshipper of Uskayaw the Reveler
  5558 | D:6      | Reached * piety under Uskayaw
  5570 | D:6      | Reached ** piety under Uskayaw
  5576 | D:6      | Reached *** piety under Uskayaw
  5577 | D:6      | Reached XP level 9. HP: 50/69 MP: 8/10
  6106 | D:6      | Reached skill level 7 in Shields
  6124 | D:6      | Found a runed door.
  6378 | D:6      | Noticed Crazy Yiuf
  6385 | D:6      | Killed Crazy Yiuf
  6442 | D:7      | Reached **** piety under Uskayaw
  6464 | D:7      | You fall through a shaft for 3 floors!
  6464 | D:10     | Entered Level 10 of the Dungeon
  6502 | D:10     | Reached skill level 1 in Invocations
  6531 | D:9      | Found a staircase to the Lair.
  6623 | D:9      | Got a wavering granite ring
  6754 | D:7      | Identified the ring "Caofayn" {rElec MP+9 Str+2 Stlth+} (You found it on level 9 of the Dungeon)
  7520 | D:8      | Reached XP level 10. HP: 62/76 MP: 12/12
  7520 | D:8      | Reached ***** piety under Uskayaw
  7590 | D:8      | Found a deep blue altar of Sif Muna.
  7711 | D:8      | Reached skill level 5 in Dodging
  8191 | D:9      | Noticed an unseen horror
  8205 | D:9      | Killed an unseen horror
  8205 | D:9      | Reached skill level 8 in Shields
  8239 | D:9      | Found a sparkling altar of Nemelex Xobeh.
  9244 | D:10     | Reached skill level 5 in Evocations
  9284 | D:10     | Found a staircase to the Orcish Mines.
  9390 | D:10     | Noticed Josephine
  9503 | D:9      | Reached XP level 11. HP: 83/83 MP: 14/14
  9602 | D:10     | Killed Josephine
  9602 | D:10     | Reached skill level 5 in Invocations
 10520 | D:11     | Noticed a cyclops
 10540 | D:11     | Killed a cyclops
 10540 | D:11     | Reached skill level 9 in Shields
 10804 | D:11     | Noticed a white ugly thing
 10852 | D:11     | Killed a white ugly thing
 11591 | D:12     | Found a shimmering altar of Xom.
 11614 | D:12     | Noticed a death knight
 11699 | Orc:1    | Entered Level 1 of the Orcish Mines
 11699 | Orc:1    | Found Healaappe's Food Boutique.
 11701 | Orc:1    | Noticed an orc sorcerer
 11721 | Orc:1    | Noticed an orc knight
 11722 | Orc:1    | Noticed an orc high priest
 11733 | D:10     | Reached XP level 12. HP: 79/93 MP: 7/17
 11923 | Orc:1    | Noticed a sixfirhy
 11926 | Orc:1    | Noticed a soul eater
 11929 | Orc:1    | Killed an orc high priest
 12787 | Orc:1    | Reached skill level 10 in Shields
 13400 | Orc:2    | Entered Level 2 of the Orcish Mines
 13400 | Orc:2    | Noticed an ettin
 13409 | Orc:2    | Annihilated by an ettin

Vault maps used:
D:1:      elethiomel_arrival_infinity_welcomes_careful_drivers,
          nemelex_diamond_rough_becter
D:3:      lemuel_round_altar, portal_sewer_entry_f, grunt_qazlal_clouds
D:4:      makhleb_blood_cavern_becter
D:5:      kennysheep_mini_moat, serial_shops, kennysheep_little_box, first_bread
D:6:      minivault_25, uniq_crazy_yiuf_cottage
D:8:      lemuel_coloured_pillars_altar
D:9:      lair_0_dummy, basic_altar
D:10:     hiddenorc1_lemuel, uniq_josephine
D:12:     basic_altar, grunt_pizzeria, minmay_misc_feat_rows,
          lightli_wizard_tower
Temple:   regret_index_temple_mists
Orc:1:    guppyfry_orc_lava_fort
Orc:2:    st_orc_elflike, basic_altar
Sewer:    sewer_co_scattered_pipes

Skill      XL: |  1  2  3  4  5  6  7  8  9 10 11 12 |
---------------+-------------------------------------+-----
Shields        | 4 5 6 7 8 9 10 | 10.1
Dodging        | 1 2 3 4 5 6 7 |  7.0
Armour         | 4 5 6 7 8 9 |  9.1
Staves         | 3 4 5 6 7 8 |  8.4
Fighting       | 4 5 6 7 8 |  8.9
Evocations     | 1 3 5 6 7 |  7.0
Invocations    | 2 4 6 7 |  7.2

Action                   |  1- 3 |  4- 6 |  7- 9 | 10-12 || total
-------------------------+-------+-------+-------+-------++-------
Melee: Quarterstaff      |   137 |   206 |   484 |  1059 ||  1886
Invok: Stomp             |       |       |       |    20 ||    20
 Abil: Dig               |       |     4 |     6 |    10 ||    20
  Use: Scroll            |       |       |     5 |       ||     5
       Potion            |       |       |     1 |     1 ||     2
 Stab: Paralysed         |       |       |     8 |    26 ||    34
  Eat: Chunk             |     1 |     9 |    15 |    24 ||    49
Armor: Scale mail        |    56 |    67 |    45 |       ||   168
       Gold dragon armou |       |       |   123 |   482 ||   605
Dodge: Dodged            |    46 |    53 |   112 |   189 ||   400
Block: Shield            |    68 |    98 |   264 |   521 ||   951
